 Dungeon Crawl Stone Soup version 0.23.2-33-g5129a83184 (webtiles) character file.

Game seed: 14560369187885558031

64 Gwenloh the Insei (level 4, 0/38 HPs)
             Began as a Naga Transmuter on July 19, 2019.
             Killed by nerve-wracking pain
             ... invoked by an orc priest
              (10 damage)
             ... on level 2 of the Dungeon.
             The game lasted 00:06:13 (1866 turns).

Gwenloh the Insei (Naga Transmuter)                 Turns: 1866, Time: 00:06:15

Health: 0/38       AC:  3    Str: 12    XL:     4   Next: 12%
Magic:  0/7        EV: 10    Int: 14    God:
Gold:   137        SH:  0    Dex: 12    Spells: 1/7 levels left

rFire    . . .     SeeInvis +     - Unarmed
rCold    . . .     Gourm    .   (no shield)
rNeg     . . .     Faith    .   b - +0 robe
rPois    +         Spirit   .   (no helmet)
rElec    .         Reflect  .   (no cloak)
rCorr    .         Harm     .   m - +0 pair of gloves
MR       .....                  (no barding)
Stlth    +.........             (no amulet)
HPRegen  0.12/turn              (no ring)
MPRegen  0.10/turn              (no ring)

@: confused, very slightly contaminated, very slow
A: large, see invisible, deformed body, poison resistance, slowness 2, slow
metabolism 1, spit poison 1, AC +1
a: Spit Poison


You were on level 2 of the Dungeon.
You were not hungry.

You visited 1 branch of the dungeon, and saw 2 of its levels.

You collected 137 gold pieces.

Inventory:

Hand Weapons
 a - a +0 hunting sling
Missiles
 f - 58 stones (quivered)
 i - 17 sling bullets
 t - 31 arrows
Armour
 b - a +0 robe (worn)
 j - a +0 leather armour
 m - a +0 pair of gloves (worn)
Scrolls
 h - a scroll of remove curse {unknown}
 l - a scroll of identify
 r - a scroll of enchant weapon {unknown}
 s - a scroll of teleportation {unknown}
Potions
 c - a potion of resistance {unknown}
 e - 3 potions of heal wounds
 g - a potion of agility {unknown}
 k - 2 potions of curing {unknown}
 o - a potion of mutation {unknown}
 p - a potion of haste {unknown}
 q - a potion of degeneration {unknown}
Comestibles
 d - 3 rations


   Skills:
 - Level 1.0 Fighting
 + Level 2.0 Dodging
 * Level 3.7 Unarmed Combat
 - Level 2.0 Spellcasting
 * Level 3.0 Transmutations
 + Level 1.1 Poison Magic


You had one spell level left.
You knew the following spells:

 Your Spells              Type           Power        Failure   Level  Hunger
a - Beastly Appendage     Tmut           #.....       7%          1    ##.....
b - Sticks to Snakes      Tmut           #.......     11%         2    ###....
c - Spider Form           Tmut/Pois      #.........   30%         3    ####...

Your spell library contained the following spells:

 Spells                   Type           Power        Failure   Level  Hunger
 Ice Form                 Ice/Tmut       #.......     77%         4    #####..
 Blade Hands              Tmut           #.........   88%         5    ######.


Dungeon Overview and Level Annotations

Branches:
Dungeon (2/15)

Altars:


Innate Abilities, Weirdness & Mutations

You cannot wear boots.
Your serpentine skin is tough. (AC +1)
You have supernaturally acute eyesight. (SInv)
Armour fits poorly on your strangely shaped body.
Your system is resistant to poisons. (rPois)
You cover ground very slowly.
You have a slow metabolism.
You can spit poison.


Message History

The orc priest hits you but does no damage.
Your ball python bites the orc priest but does no damage.
Your ball python constricts the orc priest.
You hit the orc priest.
The orc priest is severely wounded.
The orc hits you but does no damage.
The orc wizard hits you with a +0 dagger.
* * * LOW HITPOINT WARNING * * *
Your ball python bites the orc priest.
Your ball python constricts the orc priest.
The orc priest calls upon Beogh to heal the orc.
The orc's wounds heal themselves!
You hit the orc priest.
The orc priest is severely wounded.
Your ball python bites the orc priest but does no damage.
Your ball python constricts the orc priest.
The orc wizard closely misses you.
The orc priest mumbles some strange prayers to Beogh against you.
Pain shoots through your body!
You die...

##........####### #
o...............# #
o.....!.........# #
................# #
.#...o..........# #
....######......#
## ### #.....S# #.
#...)oo# ##### #.
###....o@# #...# ##
..........# #...#
#.
####......#####...#
#. #.#............#
#. #.#............#
#. #.#............#
#. #.#............#
###.
#...........##.#
#.S.
#.....####.###.#
#.##


You could see an orc priest, an orc wizard (invisible), an orc and a friendly
ball python.

Vanquished Creatures
  4 dart slugs
  A leopard gecko (D:2)
  2 giant cockroaches (D:1)
  A goblin (D:2)
  2 hobgoblins
  4 kobolds
  2 quokkas (D:2)
  A ball python (D:2)
  5 bats
  A frilled lizard (D:1)
  2 rats (D:1)
25 creatures vanquished.

Vanquished Creatures (collateral kills)
  Terence (D:2)
  An adder (D:2)
  A worm (D:2)
  An orc (D:2)
4 creatures vanquished.

Grand Total: 29 creatures vanquished

Notes
Turn   | Place    | Note
-------+----------+-------------------------------------------
     0 | D:1      | Gwenloh the Naga Transmuter began the quest for the Orb.
     0 | D:1      | Reached XP level 1. HP: 18/18 MP: 3/3
   348 | D:1      | Reached XP level 2. HP: 21/25 MP: 3/5
   352 | D:1      | Learned a level 2 spell: Sticks to Snakes
  1348 | D:2      | Reached XP level 3. HP: 28/31 MP: 2/6
  1353 | D:2      | Learned a level 3 spell: Spider Form
  1641 | D:2      | Noticed Terence
  1657 | D:2      | Killed Terence
  1657 | D:2      | Reached skill level 1 in Poison Magic
  1657 | D:2      | Reached XP level 4. HP: 24/38 MP: 2/7
  1866 | D:2      | Killed from afar by an orc priest

Skill      XL: |  1  2  3  4 |
---------------+-------------+-----
Dodging        | 2 |  2.0
Poison Magic   | 1 |  1.1
Transmutations | 3 |  3.0
Fighting       | |  1.0
Unarmed Combat | |  3.7
Spellcasting   | |  2.0

Action                   |  1- 3 |  4- 6 || total
-------------------------+-------+-------++-------
Melee: Unarmed           |    88 |     6 ||    94
       Headbutt          |    12 |       ||    12
 Fire: Hunting sling     |       |    10 ||    10
 Cast: Beastly Appendage |    17 |       ||    17
       Sticks to Snakes  |     4 |     2 ||     6
  Use: Scroll            |     1 |       ||     1
 Stab: Distracted        |     1 |       ||     1
  Eat: Chunk             |     2 |     1 ||     3
Armor: Robe              |    38 |     4 ||    42
Dodge: Dodged            |    56 |    13 ||    69
